 Dungeon Crawl Stone Soup version 0.26-a0-1107-g6118521029 (webtiles) character file.

Game seed: 12071959380045905485

474 Dracia the Slasher (level 6, -6/47 HPs)
             Began as a Demonspawn Monk on Dec 16, 2020.
             Was a Believer of Qazlal.
             Mangled by a killer bee (9 damage)
             ... on level 5 of the Dungeon.
             The game lasted 00:06:41 (5025 turns).

Dracia the Slasher (Demonspawn Monk)                Turns: 5025, Time: 00:06:42

Health: -6/47      AC:  5    Str: 17    XL:     6   Next: 84%
Magic:  6/6        EV: 11    Int: 18    God:    Qazlal [**....]
Gold:   380        SH:  7    Dex: 12    Spells: 5/5 levels left

rFire    . . .     SeeInvis .   q - +3 war axe of Soiqud {speed, +Inv Will+ Str+5 Dex-4}
rCold    . . .     Faith    +   s - +0 buckler
rNeg     . . .     Spirit   .   g - +0 ring mail
rPois    +         Reflect  .   (no helmet)
rElec    .         Harm     +   r - scarf {harm}
rCorr    .         Rampage  .   (no gloves)
Will     +....                  (no boots)
Stlth    +.........             T - amulet of faith {!P!P}
HPRegen  0.15/turn              I - +6 ring of intelligence
MPRegen  0.10/turn              P - ring of poison resistance

@: lethally poisoned (-6 -> -8)
A: powered by pain 1, miasma immunity
a: Upheaval, Renounce Religion, Evoke Invisibility


You were on level 5 of the Dungeon.
You worshipped Qazlal.
Qazlal was pleased with you.
You visited 2 branches of the dungeon, and saw 7 of its levels.

You collected 380 gold pieces.


Innate Abilities, Weirdness & Mutations

You sometimes gain a little power by taking damage.
You are immune to miasma.


   Skills:
 - Level 3.0 Fighting
 - Level 5.3 Long Blades
 + Level 2.7 Axes
 - Level 2.6 Dodging
 - Level 1.7 Stealth
 + Level 3.2 Shields


You had 5 spell levels left.
You didn't know any spells.
Your spell library contained the following spells:

 Spells                   Type           Power        Failure   Level
 Magic Dart               Conj           #...         41%         1
 Blink                    Tloc           N/A          56%         2
 Call Imp                 Summ           #.......     56%         2
 Slow                     Hex            #.......     56%         2
 Conjure Flame            Conj/Fire      #.......     80%         3
 Mephitic Cloud           Conj/Pois/Air  #.......     80%         3

Inventory:

Hand Weapons
 a - a +1 falchion
 q - the +3 war axe of Soiqud (weapon) {speed, +Inv Will+ Str+5 Dex-4}
   (You found it on level 4 of the Dungeon)

   Attacks with this weapon are significantly faster.
   It affects your strength (+5).
   It affects your dexterity (-4).
   It affects your willpower, your defense against some magical effects.
   It lets you turn invisible.
Missiles
 f - 21 poisoned darts (quivered)
Armour
 b - a +0 robe
 g - a +0 ring mail (worn)
 h - a +0 leather armour
 r - a scarf of harm (worn)
 s - a +0 buckler (worn)
Jewellery
 I - a +6 ring of intelligence (left hand)
 P - a ring of poison resistance (right hand)
 T - an amulet of faith (around neck) {!P!P}
Wands
 d - a wand of random effects (30)
Scrolls
 c - 4 scrolls of teleportation {unknown}
 e - 2 scrolls of enchant weapon
 i - 6 scrolls of remove curse {@r2@r2}
 l - 4 scrolls of identify {@r1@r1}
 o - 2 scrolls of amnesia {unknown}
 p - a scroll of noise {unknown}
 v - a scroll of fog
Potions
 j - a potion of berserk rage {!q!q}
 k - a potion of curing {@q1@q1}
 m - 2 potions of heal wounds {unknown}
 n - 3 potions of ambrosia {unknown}
 t - 2 potions of might {unknown}
 u - a potion of flight {unknown}

Dungeon Overview and Level Annotations

Branches:
Dungeon (6/15)             Temple (1/1) D:5

Altars:
Cheibriados
Dithmenos
Fedhas
Gozag
Hepliaklqana
Kikubaaqudgha
Makhleb
Nemelex Xobeh
Okawaru
Qazlal
Ru
Sif Muna
Uskayaw
Wu Jian
Xom
Zin
The Shining One

Annotations:
D:4 1 runed translucent door, psellion's ghost, amateur DrIE

...# #.##.# #.# ...# #####..#.#
####'### ...# #....#.#.# #.......
...# #....#.#.#########.......
...# #....'..........##.......
...# #....##..######.#........
...# #....##..# #.#........ ...#
#....###.# #.#........ ####
#....# #@######.#........ #....#
#y#............... #....#
#....###.###'##### #....###....#
#.##...# #....##.....# #<##...#
###########.###.....###.##...#
..............#.....'..###...####
..รท...........#.#...##.#
#...#... ........^.....'.#...##.#
#...#.##


You could see a killer bee.


Message History

Qazlal accepts your kill. You block the killer bee's attack.
The killer bee stings you!
* * * LOW HITPOINT WARNING * * *
Your Shields skill increases to level 3!
You feel better. The killer bee barely misses you.
The killer bee stings you but does no damage.
The killer bee stings you.
* * * LOW HITPOINT WARNING * * *
The killer bee stings you but does no damage.
The shadow imp is engulfed in freezing vapours.
The shadow imp misses you. The killer bee closely misses you.
The killer bee stings you but does no damage.
The shadow imp is engulfed in freezing vapours.
There is a stone staircase leading up here.
The killer bee stings you.
* * * LOW HITPOINT WARNING * * *
You are poisoned.
The killer bee poisons you! You block the killer bee's attack.
The killer bee is struck by lightning.
You kill the killer bee!
Qazlal accepts your kill. The killer bee barely misses you.
You hear a shout! x9
You climb upwards.
You feel sick.
There is a stone staircase leading down here.
You miss the killer bee.
You feel sick. The killer bee stings you!
* * * LOW HITPOINT WARNING * * *
The killer bee stings you!
You die...

Skill      XL: |  1  2  3  4  5  6 |
---------------+-------------------+-----
Long Blades    | 3 4 5 |  5.3
Shields        | 2 3 |  3.2
Axes           | 1 2 |  2.7
Fighting       | |  3.0
Dodging        | |  2.6
Stealth        | |  1.7

Action                   |  1- 3 |  4- 6 || total
-------------------------+-------+-------++-------
Melee: Falchion          |   126 |   136 ||   262
       War axe           |       |    59 ||    59
  Use: Scroll            |     2 |     3 ||     5
       Potion            |     3 |     2 ||     5
 Stab: Sleeping          |     2 |       ||     2
Armor: Ring mail         |    32 |    58 ||    90
       Robe              |     2 |       ||     2
       Leather armour    |    15 |       ||    15
Dodge: Dodged            |    85 |   111 ||   196
Block: Buckler           |       |    21 ||    21
       Rpst.: Falchion   |    34 |    22 ||    56

Levels and vault maps discovered:
D:1:      wander_arrival_desolate, layout_loops_corners
D:2:      layout_basic, doesnt_xom_only_xom
D:3:      minmay_chambers_of_twos, layout_rooms,
          amethyst_overflow_temple_binary, chequers_ecumenical_altar_grove,
          minmay_misc_feat_room
D:4:      layout_rooms, gammafunk_ghost_grave
D:5:      layout_basic, minmay_temple_entry_waves
D:6:      layout_gridville
Temple:   nicolae_temple_x_marks_the_god

Notes
Turn   | Place    | Note
-------+----------+-------------------------------------------
     0 | D:1      | Dracia the Demonspawn Monk began the quest for the Orb.
     0 | D:1      | Reached XP level 1. HP: 18/18 MP: 1/1
   240 | D:1      | Reached skill level 3 in Long Blades
   495 | D:1      | Gained mutation: You are immune to miasma. [demonic
                  | ancestry]
   495 | D:1      | Reached XP level 2. HP: 21/24 MP: 2/2
  1225 | D:2      | Gained mutation: You sometimes gain a little power by
                  | taking damage. [demonic ancestry]
  1225 | D:2      | Reached XP level 3. HP: 22/29 MP: 3/3
  1332 | D:2      | Reached skill level 4 in Long Blades
  1659 | D:2      | HP: 2/29 [poisoned by an adder]
  2005 | D:2      | Reached XP level 4. HP: 30/35 MP: 4/4
  2065 | D:2      | Found a hide-covered altar of Uskayaw.
  2067 | D:2      | Found a bloodstained altar of Trog.
  2067 | D:2      | Found an ornate altar of the Wu Jian Council.
  2069 | D:2      | Found a glowing golden altar of the Shining One.
  2069 | D:2      | Found a glowing golden altar of the Shining One.
  2069 | D:2      | Found a shimmering altar of Xom.
  2286 | D:3      | Found a faded altar of an unknown god.
  2896 | D:3      | Reached skill level 5 in Long Blades
  3087 | D:3      | Found a sparkling altar of Nemelex Xobeh.
  3094 | D:3      | Found a blossoming altar of Fedhas.
  3394 | D:4      | Reached XP level 5. HP: 41/41 MP: 5/5
  3503 | D:4      | Reached skill level 1 in Shields
  3572 | D:4      | Found a runed translucent door.
  3574 | D:4      | Noticed psellion's ghost (amateur DrIE)
  3992 | D:4      | Got an ancient war axe
  3995 | D:4      | Identified the +3 war axe of Soiqud {speed, +Inv Will+
                  | Str+5 Dex-4} (You found it on level 4 of the Dungeon)
  4050 | D:5      | Entered Level 5 of the Dungeon
  4105 | D:5      | Reached skill level 1 in Axes
  4105 | D:5      | Reached skill level 2 in Shields
  4239 | D:5      | Reached XP level 6. HP: 35/47 MP: 6/6
  4353 | D:5      | Found a staircase to the Ecumenical Temple.
  4455 | Temple   | Entered the Ecumenical Temple
  4495 | Temple   | Became a worshipper of Qazlal Stormbringer
  4495 | Temple   | Reached * piety under Qazlal
  4495 | Temple   | Reached ** piety under Qazlal
  4703 | D:5      | Reached skill level 2 in Axes
  5021 | D:6      | Reached skill level 3 in Shields
  5025 | D:5      | HP: 3/47 [killer bee (9)]
  5025 | D:5      | Mangled by a killer bee

Vanquished Creatures
  3 killer bees (D:6)
  A howler monkey (D:5)
  2 orc wizards (D:5)
  2 worker ants
  A howler monkey skeleton (D:4)
  10 adders
  A white imp (D:5)
  An adder zombie (D:5)
  2 worms
  2 dart slugs
  6 leopard geckos
  3 orcs (D:5)
  A ball python (D:3)
  5 giant cockroaches
  8 goblins
  11 hobgoblins
  6 jackals
  2 quokkas (D:3)
  12 bats
  4 frilled lizards
  A jackal skeleton (D:4)
  5 kobolds
  A leopard gecko skeleton (D:4)
  5 rats (D:3)
95 creatures vanquished.

Vanquished Creatures (others)
  2 withered plants (D:4)
2 creatures vanquished.

Grand Total: 97 creatures vanquished

Table legend: (Time is in decaauts)
 A = Elapsed time spent in this place.
 B = Non-inter-level travel time spent in this place.
 C = Inter-level travel time spent in this place.
 D = Time resting spent in this place.
 E = Time spent auto-exploring this place.
 F = Levels seen in this place.
 G = Mean time per level.
                   A        B        C        D        E       F      G
               +--------+--------+--------+--------+--------+-----+--------+
         Total |   5056 |   4790 |    266 |    679 |   3375 |   7 |  722.3 |
       Dungeon |   5008 |   4758 |    250 |    679 |   3345 |   6 |  834.7 |
        Temple |     48 |     32 |     16 |      0 |     30 |   1 |   48.0 |
               +--------+--------+--------+--------+--------+-----+--------+

Top non-repeatable levels by time:
     D:3: 1243 daAuts
     D:1: 1211 daAuts
     D:2: 959 daAuts
     D:5: 917 daAuts
     D:4: 669 daAuts
  Temple: 48 daAuts
     D:6: 7 daAuts

Table legend:
 A = Non-vault XP
 B = Vault XP
 C = Vault XP percentage of total XP
 D = Non-vault monster count
 E = Vault monster count
 F = Vault count percentage of total count
                 A         B        C        D         E       F
            +---------+---------+-------+---------+---------+-------
      Total |     659 |      19 |   2.8 |      87 |       8 |   8.4
            +---------+---------+-------+---------+---------+-------
        D:1 |      30 |       0 |   0.0 |      16 |       0 |   0.0
        D:2 |      71 |       0 |   0.0 |      24 |       0 |   0.0
        D:3 |      69 |      19 |  21.6 |      17 |       8 |  32.0
        D:4 |      80 |       0 |   0.0 |      10 |       0 |   0.0
        D:5 |     225 |       0 |   0.0 |      17 |       0 |   0.0
        D:6 |     184 |       0 |   0.0 |       3 |       0 |   0.0
            +---------+---------+-------+---------+---------+-------
